[Event "Monday Night Engine Tour 13 Rd Swiss 3m+1s Starts at 2200hrs ST"]
[Site "Infinity Chess"]
[Date "2018.4.9"]
[Round "7"]
[White "THE_MACHINE"]
[Black "RonWeasley"]
[Result "1/2-1/2"]
[ECO "C11"]
[WhiteElo "2578"]
[BlackElo "2534"]
[WhiteEngine "BrainFish_180408_x64_bmi2"]
[BlackEngine "BrainFish 090218_CTG"]
[EventType "Swiss"]
[WhiteTeam ""]
[BlackTeam ""]
[PlyCount "144"]
[TimeControl "180+1"]

1. e4 e6 2. d4 d5 3. Nc3 Nf6 4. e5 Nfd7 5. f4 c5 6. Nf3 Nc6 7. Be3 cxd4 
8. Nxd4 Qb6 9. Qd2 Qxb2 10. Rb1 Qa3 11. Bb5 Nxd4 12. Bxd4 a6 13. Bxd7+ Bxd7 
14. Rb3 Qe7 15. Rxb7 Rc8 16. O-O Qd8 17. Qf2 Rxc3 18. Bxc3 Qc8 19. Rb3 Ba4 
20. Bd4 Bxb3 21. axb3 Be7 22. c3 O-O 23. b4 Qc6 24. Ra1 Bd8 25. Bc5 Re8 
26. h3 Bc7 27. Qa2 Bb6 28. Qf2 Bc7 29. Kh2 Ra8 30. Qd4 a5 31. c4 dxc4 
32. Qxc4 Bb6 33. Qd4 Bc7 34. Bd6 Bb6 35. Qd3 h6 36. b5 Qd7 37. Rc1 Rc8 
38. Rc4 h5 39. Qe4 Rxc4 40. Qxc4 Be3 41. f5 exf5 42. Qc6 Qe6 43. b6 Bf4+ 
44. Kg1 Bxe5 45. Qa8+ Kh7 46. Bxe5 Qxe5 47. b7 Qc5+ 48. Kf1 Qc4+ 49. Kf2 Qa2+ 
50. Kg3 Qa3+ 51. Kf2 Qa2+ 52. Kg1 Qa1+ 53. Kf2 Qb2+ 54. Ke1 Qe5+ 55. Kd1 Qd6+ 
56. Kc1 Qc6+ 57. Kb1 Qb6+ 58. Kc2 Qc7+ 59. Kb3 Qb6+ 60. Kc2 Qf2+ 61. Kd3 Qg3+ 
62. Kc4 Qf4+ 63. Kd5 Qd2+ 64. Ke5 Qb2+ 65. Kd6 Qb6+ 66. Ke7 Qf6+ 67. Kf8 Qd6+ 
68. Kxf7 Qd5+ 69. Kf8 Qd6+ 70. Kf7 Qd5+ 71. Kf8 Qc5+ 72. Kf7 Qd5+ 1/2-1/2

[Event "Monday Night Engine Tour 13 Rd Swiss 3m+1s Starts at 2200hrs ST"]
[Site "Infinity Chess"]
[Date "2018.4.9"]
[Round "7"]
[White "ocirema"]
[Black "Victorious"]
[Result "1/2-1/2"]
[ECO "C50"]
[WhiteElo "2514"]
[BlackElo "2577"]
[WhiteEngine "asmFishW_2018-04-08_popcnt_CTG"]
[BlackEngine "Cfish_x64_060418_LTO_popcnt"]
[EventType "Swiss"]
[WhiteTeam ""]
[BlackTeam ""]
[PlyCount "68"]
[TimeControl "180+1"]

1. e4 e5 2. Nf3 Nc6 3. Bc4 Bc5 4. O-O Nf6 5. d3 d6 6. c3 a5 7. h3 O-O 
8. Nbd2 Be6 9. b3 d5 10. exd5 Bxd5 11. Qc2 Nh5 12. Re1 Ba7 13. Ba3 Re8 
14. Rad1 Qd7 15. Ne4 Rad8 16. Bc1 f5 17. Bb5 h6 18. c4 Bf7 19. Nc3 Qd6 
20. Nd5 Kh7 21. Bb2 Bxd5 22. cxd5 Nb4 23. Qd2 c6 24. dxc6 bxc6 25. Bc4 e4 
26. dxe4 Qxd2 27. Rxd2 Rxd2 28. Nxd2 Nf4 29. Bc3 Nbd3 30. Bxd3 Nxd3 31. Re2 Nf4 
32. Re1 Nd3 33. Re2 Nf4 34. Re1 Nd3 1/2-1/2

[Event "Monday Night Engine Tour 13 Rd Swiss 3m+1s Starts at 2200hrs ST"]
[Site "Infinity Chess"]
[Date "2018.4.9"]
[Round "6"]
[White "TasicV"]
[Black "SkyPilot"]
[Result "1/2-1/2"]
[ECO "C50"]
[WhiteElo "2331"]
[BlackElo "2508"]
[WhiteEngine "SugaR.XPrO.1.4.64.POCNT_CTG"]
[BlackEngine "stockfish_x64_bmi2_2018_04_07_CTG"]
[EventType "Swiss"]
[WhiteTeam ""]
[BlackTeam ""]
[PlyCount "213"]
[TimeControl "180+1"]

1. e4 e5 2. Nf3 Nc6 3. Bc4 Bc5 4. O-O Nf6 5. d3 d6 6. c3 O-O 7. Bg5 h6 8. Bh4 a6 
9. a4 g5 10. Bg3 Bg4 11. h3 Bc8 12. d4 Ba7 13. Re1 exd4 14. Nxd4 Bd7 
15. Nxc6 Bxc6 16. Nd2 Nd7 17. b4 Ne5 18. b5 Bd7 19. bxa6 bxa6 20. Bd5 c6 
21. Ba2 Qf6 22. Qe2 a5 23. Rad1 Bc8 24. Nb3 Ba6 25. Qc2 Rad8 26. Kh1 Rfe8 
27. Nxa5 g4 28. h4 d5 29. Bb1 d4 30. cxd4 Bxd4 31. Rg1 Bb6 32. Rxd8 Rxd8 
33. Nb3 c5 34. a5 Ba7 35. Nc1 c4 36. Rd1 Bb8 37. Kg1 Bd6 38. Ba2 Bb8 39. Bb1 Bd6 
40. Ba2 Bb8 41. Rd2 h5 42. Rd1 Bc7 43. Rxd8+ Qxd8 44. Ne2 Qd3 45. Qxd3 cxd3 
46. Nc3 d2 47. Bb3 Bc4 48. a6 Bxa6 49. Nb1 Kg7 50. Nxd2 f6 51. Bxe5 fxe5 
52. Bc4 Bb7 53. Bd5 Ba6 54. Bc4 Bb7 55. Bd3 Bb6 56. Nc4 Bc5 57. g3 Kf6 
58. Ne3 Bc6 59. Kf1 Kf7 60. Nd5 Ba4 61. Nc3 Bb3 62. Nd5 Kg6 63. Bb5 Bc2 
64. Be8+ Kh6 65. Nf6 Bb6 66. Ke2 Bb3 67. Bb5 Bd4 68. Bd3 Bc5 69. Ne8 Kg6 
70. Nc7 Kf6 71. Nd5+ Kg7 72. Ne3 Ba4 73. Nd5 Bd4 74. Ne3 Bc5 75. Kf1 Kg6 
76. Kg2 Bc6 77. Nd5 Ba4 78. Nc3 Bb3 79. Kf1 Kh6 80. Kg2 Kg6 81. Nd5 Bd4 
82. Kg1 Bd1 83. Ne7+ Kf6 84. Nd5+ Kg6 85. Ne7+ Kf6 86. Nf5 Ba4 87. Nd6 Bc6 
88. Nb5 Be8 89. Na3 Bc5 90. Nc4 Ba4 91. Nd2 Bb4 92. Nf1 Bc6 93. Kg2 Bc5 
94. Ne3 Kg6 95. Nd1 Ba4 96. Nb2 Bc6 97. Nd1 Ba4 98. Nb2 Be8 99. Kf1 Bd4 
100. Nd1 Ba4 101. Ne3 Be8 102. Nd5 Ba4 103. Kg2 Bb3 104. Ne3 Ba4 105. Nc4 Bd1 
106. Nd2 Bc3 107. Nf1 1/2-1/2

[Event "Monday Night Engine Tour 13 Rd Swiss 3m+1s Starts at 2200hrs ST"]
[Site "Infinity Chess"]
[Date "2018.4.9"]
[Round "6"]
[White "Vimtiroba"]
[Black "star99"]
[Result "1-0 "]
[ECO "A50"]
[WhiteElo "2527"]
[BlackElo "2445"]
[WhiteEngine "SF9 ''A6''_CTG"]
[BlackEngine "Cryptic Heroes 9.3B"]
[EventType "Swiss"]
[WhiteTeam ""]
[BlackTeam ""]
[PlyCount "235"]
[TimeControl "180+1"]

1. d4 Nf6 2. c4 c6 3. Nf3 d5 4. Nc3 e6 5. e3 Nbd7 6. Qc2 Bd6 7. Bd3 dxc4 
8. Bxc4 O-O 9. O-O a6 10. Rd1 b5 11. Bd3 Bb7 12. Ng5 h6 13. Nge4 Bc7 14. a3 Nd5 
15. Bd2 f5 16. Nc5 Nxc5 17. dxc5 Nf6 18. Ne2 Qe7 19. a4 Rad8 20. h3 Bb8 
21. Bc3 Qf7 22. Qb3 Nd5 23. Bc2 g5 24. Nd4 Rde8 25. Be1 Qe7 26. Qa3 h5 
27. axb5 axb5 28. e4 fxe4 29. Bxe4 Qf6 30. Bc2 e5 31. Nf5 b4 32. Qg3 h4 
33. Qb3 e4 34. Nd6 e3 35. f3 Bxd6 36. cxd6 Rf7 37. Qd3 Re5 38. Qg6+ Qxg6 
39. Bxg6 Rd7 40. Bd3 Rxd6 41. Bc4 Kh7 42. Bxb4 Rd8 43. Bc3 Ree8 44. Ra7 Rd7 
45. Rxd5 cxd5 46. Bb5 Red8 47. Bxd7 Rxd7 48. Bd4 Bc6 49. Ra5 Re7 50. Kf1 e2+ 
51. Ke1 Rb7 52. Rc5 Rb4 53. Bf6 Bb7 54. Kxe2 Kg6 55. Bc3 Rb6 56. Ke3 Re6+ 
57. Kf2 Rb6 58. Rc7 Ba6 59. Bd4 Re6 60. Be3 Bc4 61. Rc8 Re5 62. b4 Rf5 
63. Rc5 Bd3 64. Bd4 Rf4 65. Rxd5 Bc4 66. Rd6+ Kf7 67. Bc3 Rf5 68. Bd2 Bb3 
69. Ke3 Bc4 70. Rd4 Be6 71. Kd3 Ke7 72. Re4 Rb5 73. Kc3 Rd5 74. Bc1 Kf7 
75. Be3 Rf5 76. Bc5 Rd5 77. Rd4 Re5 78. Rd8 Re1 79. Rf8+ Kg7 80. Rb8 Rc1+ 
81. Kd2 Rb1 82. b5 Kf6 83. Kc2 Bf5+ 84. Kc3 Be6 85. b6 Ke5 86. Be7 Rc1+ 
87. Kd2 Rb1 88. Bxg5 Kd6 89. Be3 Bc4 90. Rd8+ Ke6 91. Kc2 Rb5 92. Rc8 Bd5 
93. Re8+ Kd7 94. Rh8 Rb4 95. Rh7+ Kd6 96. Rh5 Ra4 97. Rh6+ Ke5 98. Bd2 Ra6 
99. Bc3+ Kf4 100. Rxh4+ Kg3 101. Rg4+ Kh2 102. Rg6 Ra4 103. Rg5 Bc6 104. Kd3 Ra3 
105. h4 Ra2 106. h5 Ra4 107. Rg7 Rh4 108. Ke3 Kg1 109. b7 Bxb7 110. Rxb7 Rxh5 
111. g4 Rc5 112. Bd4 Rc6 113. Rb6 Rc8 114. g5 Re8+ 115. Kd3+ Kh2 116. g6 Kg3 
117. g7 Rg8 118. Rb8 1-0

[Event "Monday Night Engine Tour 13 Rd Swiss 3m+1s Starts at 2200hrs ST"]
[Site "Infinity Chess"]
[Date "2018.4.9"]
[Round "6"]
[White "Dovahkiin"]
[Black "Thinker"]
[Result "1/2-1/2"]
[ECO "C50"]
[WhiteElo "2438"]
[BlackElo "2501"]
[WhiteEngine "Raubfisch ME262_GTZ16f_CTG"]
[BlackEngine "BrainFish_180404_x64_modern_CTG"]
[EventType "Swiss"]
[WhiteTeam ""]
[BlackTeam ""]
[PlyCount "118"]
[TimeControl "180+1"]

1. e4 e5 2. Nf3 Nc6 3. Bc4 Bc5 4. O-O Nf6 5. d3 O-O 6. c3 d6 7. Re1 a5 8. Bb3 h6 
9. h3 Bd7 10. Nbd2 a4 11. Bc2 b5 12. Nf1 Re8 13. d4 Bb6 14. Ng3 Qb8 15. Be3 a3 
16. b4 exd4 17. Nxd4 Ne5 18. Qc1 Nh7 19. Ndf5 Bxe3 20. Qxe3 Nf6 21. Bb3 Qa7 
22. Nd4 Ng6 23. Rad1 c5 24. Nf3 Be6 25. Bxe6 Rxe6 26. bxc5 dxc5 27. Qd3 c4 
28. Qe3 Qxe3 29. Rxe3 Rae8 30. Nd4 Re5 31. Rde1 Kh7 32. Kf1 h5 33. Kg1 h4 
34. Ngf5 Nxe4 35. f4 Nxf4 36. Nd6 Nxd6 37. Rxe5 Rd8 38. Rf1 f6 39. Rc5 Ne4 
40. Rxf4 Nxc5 41. Rxh4+ Kg6 42. Nxb5 Rd1+ 43. Kh2 Ra1 44. Rxc4 Rxa2 45. Nxa3 Nd3 
46. Rg4+ Kh7 47. Rg3 Nf4 48. c4 Nxg2 49. Rxg2 Rxa3 50. Rc2 Kg8 51. c5 Ra7 
52. c6 Rc7 53. Kg3 Kf7 54. Kf3 g6 55. Kf4 Ke6 56. h4 Kd6 57. Rg2 g5+ 
58. hxg5 fxg5+ 59. Rxg5 Kxc6 1/2-1/2

[Event "Monday Night Engine Tour 13 Rd Swiss 3m+1s Starts at 2200hrs ST"]
[Site "Infinity Chess"]
[Date "2018.4.9"]
[Round "6"]
[White "Deep_Impact"]
[Black "MGR"]
[Result "1/2-1/2"]
[ECO "C65"]
[WhiteElo "2518"]
[BlackElo "2524"]
[WhiteEngine "asmFishW_2018-04-07_bmi2"]
[BlackEngine "Raubfisch X38"]
[EventType "Swiss"]
[WhiteTeam ""]
[BlackTeam ""]
[PlyCount "153"]
[TimeControl "180+1"]

1. e4 e5 2. Nf3 Nc6 3. Bb5 Nf6 4. O-O Nxe4 5. d4 Nd6 6. Bxc6 dxc6 7. dxe5 Nf5 
8. Qxd8+ Kxd8 9. Nc3 Bd7 10. Rd1 Kc8 11. Ng5 Be8 12. Rd3 Be7 13. Bf4 h6 
14. Nge4 Bd7 15. h3 Nh4 16. Rad1 Be6 17. Ne2 c5 18. Bg3 Ng6 19. N4c3 b6 
20. Nd5 Kb7 21. f4 Bf8 22. c4 h5 23. b3 Re8 24. Be1 h4 25. Rf3 Ne7 26. Nxe7 Bxe7 
27. Nc3 g6 28. Nd5 a5 29. Kf2 Bd8 30. Kf1 Rhf8 31. Bc3 c6 32. Ne3 f5 
33. exf6 Bxf6 34. Bxf6 Rxf6 35. Ng4 Rff8 36. Ne5 Bf5 37. Rf2 Rd8 38. Rxd8 Rxd8 
39. Ke2 Rd4 40. Kf3 Rd1 41. Ke3 b5 42. Rd2 Rc1 43. cxb5 cxb5 44. Nf3 Rc3+ 
45. Kf2 b4 46. Nxh4 Bb1 47. g4 Rxh3 48. Nf3 a4 49. Kg2 Rh7 50. Ne5 axb3 
51. axb3 Be4+ 52. Kg3 Kc7 53. Rb2 Rh1 54. Re2 Bd5 55. Rc2 g5 56. fxg5 Kd6 
57. Nc4+ Bxc4 58. bxc4 Rh8 59. Rd2+ Ke6 60. g6 Kf6 61. Rd6+ Kg7 62. Rb6 Rf8 
63. g5 Rf1 64. Kg4 Rf8 65. Rb7+ Kxg6 66. Rb6+ Kf7 67. Kf5 Kg8+ 68. Ke4 Kg7 
69. g6 Rf1 70. Ke5 Rd1 71. Ke4 b3 72. Rxb3 Kxg6 73. Rb5 Rd4+ 74. Ke5 Rxc4 
75. Rb1 Rc2 76. Rg1+ Kf7 77. Ra1 1/2-1/2

[Event "Monday Night Engine Tour 13 Rd Swiss 3m+1s Starts at 2200hrs ST"]
[Site "Infinity Chess"]
[Date "2018.4.9"]
[Round "6"]
[White "CoffeeOne"]
[Black "MCDermont"]
[Result "1/2-1/2 "]
[ECO "C55"]
[WhiteElo "2512"]
[BlackElo "2525"]
[WhiteEngine "cfish-extra"]
[BlackEngine "BrainFish 090218"]
[EventType "Swiss"]
[WhiteTeam ""]
[BlackTeam ""]
[PlyCount "144"]
[TimeControl "180+1"]

1. e4 e5 2. Nf3 Nc6 3. Bc4 Nf6 4. d3 Bc5 5. c3 d6 6. O-O O-O 7. Nbd2 a5 
8. Re1 Be6 9. Bb5 Ne7 10. d4 Ba7 11. Nf1 Ng6 12. Be3 c6 13. Bd3 a4 14. Bc2 b5 
15. h3 h6 16. Ng3 Bb6 17. Qd2 Re8 18. b3 axb3 19. axb3 Qc7 20. Red1 Qb7 
21. c4 Rxa1 22. Rxa1 Ra8 23. Rc1 b4 24. Nf5 Qb8 25. Rd1 Ra2 26. Qc1 Bc7 
27. Re1 Qa8 28. Bb1 Ra5 29. Nh2 c5 30. d5 Bd7 31. Ng4 Nxg4 32. hxg4 Ra3 
33. Qd1 f6 34. g3 Nh8 35. Bc1 Ra5 36. Kg2 Nf7 37. Rh1 Qe8 38. f3 Ra1 39. Bb2 Ra7 
40. f4 Ra8 41. Bc1 Bc8 42. Qf3 Ra1 43. Bb2 Ra6 44. Bd3 Ra8 45. Ra1 Rxa1 
46. Bxa1 Bd8 47. Kf2 g6 48. Ne3 Kg7 49. f5 g5 50. Bb2 Bc7 51. Qh1 Kf8 
52. Qh5 Ke7 53. Qg6 Qh8 54. Nd1 Bb7 55. Bc2 Ba6 56. Bd3 Kf8 57. Ne3 Bc8 
58. Nd1 Ke7 59. Kf3 Nd8 60. Nf2 Bd7 61. Qh5 Nf7 62. Qh1 Nd8 63. Nd1 Qg7 
64. Nf2 Qf8 65. Nd1 Qh8 66. Nf2 Nb7 67. Bc2 Nd8 68. Qa1 Nb7 69. Qa7 Qc8 
70. Qa1 Qf8 71. Nd1 Qd8 72. Nf2 Na5 1/2-1/2

[Event "Monday Night Engine Tour 13 Rd Swiss 3m+1s Starts at 2200hrs ST"]
[Site "Infinity Chess"]
[Date "2018.4.9"]
[Round "6"]
[White "Victorious"]
[Black "MarioDeMonti"]
[Result "1-0"]
[ECO "C55"]
[WhiteElo "2563"]
[BlackElo "2513"]
[WhiteEngine "Cfish_x64_060418_LTO_popcnt"]
[BlackEngine "stockfish_x64_bmi2_2018_02_18_CTG"]
[EventType "Swiss"]
[WhiteTeam ""]
[BlackTeam ""]
[PlyCount "176"]
[TimeControl "180+1"]

1. e4 e5 2. Nf3 Nc6 3. Bc4 Nf6 4. d3 Bc5 5. O-O d6 6. c3 O-O 7. Re1 Bb6 8. h3 h6 
9. Nbd2 a5 10. a4 Ne7 11. Bb3 c6 12. Nf1 Ng6 13. d4 exd4 14. cxd4 d5 15. e5 Ne4 
16. Ra3 c5 17. Be3 cxd4 18. Bxd4 Be6 19. N1d2 Nxe5 20. Bxe5 Nxf2 21. Qb1 Nd3+ 
22. Kh1 Nxe1 23. Qxe1 Re8 24. Qg3 f6 25. Bd4 Rc8 26. Ra1 Bf7 27. Rd1 Rc6 
28. Nb1 Bxd4 29. Nxd4 Qc7 30. Qxc7 Rxc7 31. Nc3 Rce7 32. Kh2 Rd8 33. Kg3 g6 
34. Kf2 f5 35. g3 Re5 36. Nce2 Kg7 37. Bc2 Kf6 38. b4 axb4 39. Rb1 Rd6 
40. Rxb4 b6 41. Nb5 Rc6 42. Nbd4 Rd6 43. h4 Be8 44. Nf4 Bf7 45. Ng2 h5 
46. Nf4 Re8 47. Rb2 Red8 48. Bd3 Rc8 49. Rb1 Ke5 50. Nb5 Rd7 51. Re1+ Kf6 
52. Nd4 Rd6 53. Bb5 Rc3 54. Nh3 Rd8 55. Rb1 Rd6 56. Ng5 Bg8 57. Be2 Rc8 
58. Kf3 Ke5 59. Ke3 Rc3+ 60. Bd3 Rc5 61. Ngf3+ Kf6 62. Kf4 Bf7 63. Ng5 Bg8 
64. Ba6 Rc7 65. Re1 Rd8 66. Ngf3 Ra8 67. Bb5 Rd8 68. Ne5 Rd6 69. Be8 Rg7 
70. Re2 Bh7 71. Nef3 Rc7 72. Bb5 Rc8 73. Ne5 Rc7 74. Nec6 Rc8 75. Re7 Bg8 
76. Rb7 Re8 77. Bd3 Ra8 78. Ne7 Bf7 79. Bb5 Rdd8 80. Nec6 Re8 81. Rxb6 Re4+ 
82. Kf3 Be8 83. Bd3 Rg4 84. a5 Bxc6 85. Nxc6 Ke6 86. Be2 Ra4 87. a6 Kd6 
88. Nb4+ Kc5 1-0

[Event "Monday Night Engine Tour 13 Rd Swiss 3m+1s Starts at 2200hrs ST"]
[Site "Infinity Chess"]
[Date "2018.4.9"]
[Round "6"]
[White "koalachess"]
[Black "Coco69"]
[Result "1/2-1/2"]
[ECO "C53"]
[WhiteElo "2355"]
[BlackElo "2471"]
[WhiteEngine "stockfish_9_x64_popcnt_CTG"]
[BlackEngine "asmFishW_2018-04-08_popcnt_CTG"]
[EventType "Swiss"]
[WhiteTeam ""]
[BlackTeam ""]
[PlyCount "91"]
[TimeControl "180+1"]

1. e4 e5 2. Nf3 Nc6 3. Bc4 Bc5 4. c3 Nf6 5. d4 exd4 6. cxd4 Bb4+ 7. Bd2 Bxd2+ 
8. Nbxd2 d5 9. exd5 Nxd5 10. O-O O-O 11. Rc1 Nb6 12. Bb3 a5 13. a4 Nd5 
14. Re1 Ndb4 15. Qe2 Bf5 16. Rc3 Nxd4 17. Nxd4 Qxd4 18. Rxc7 Qd8 19. Rxb7 Nd3 
20. Ra1 Nc5 21. Rxf7 Rxf7 22. Bxf7+ Kxf7 23. Qf3 g6 24. Rd1 Kg8 25. Nb3 Nd3 
26. g4 Rb8 27. Nc5 Qh4 28. Nxd3 Qxg4+ 29. Qxg4 Bxg4 30. Rc1 Be2 31. Nf4 Bg4 
32. Nd3 Be2 33. Rc3 Bd1 34. Rc4 Kg7 35. Kf1 Bb3 36. Rd4 Bc2 37. Nc1 Bf5 
38. b3 Re8 39. Ne2 Re7 40. f3 Re3 41. Kf2 Rxb3 42. Rd5 Rb2 43. Ke3 Rb3+ 
44. Kf2 Rb2 45. Ke3 Rb3+ 46. Kf2 1/2-1/2

[Event "Monday Night Engine Tour 13 Rd Swiss 3m+1s Starts at 2200hrs ST"]
[Site "Infinity Chess"]
[Date "2018.4.9"]
[Round "6"]
[White "OlivierEvan"]
[Black "THE_MACHINE"]
[Result "1/2-1/2"]
[ECO "A06"]
[WhiteElo "2489"]
[BlackElo "2582"]
[WhiteEngine "Houdini 6"]
[BlackEngine "BrainFish_180408_x64_bmi2"]
[EventType "Swiss"]
[WhiteTeam ""]
[BlackTeam ""]
[PlyCount "122"]
[TimeControl "180+1"]

1. Nf3 d5 2. b3 Bf5 3. Bb2 e6 4. h3 Nd7 5. g3 Ngf6 6. Bg2 h6 7. d3 Bc5 
8. Nfd2 Bg6 9. e4 O-O 10. O-O dxe4 11. Nxe4 Nxe4 12. dxe4 c6 13. Nd2 Re8 
14. Qe2 Qc7 15. Kh1 e5 16. f4 f6 17. f5 Bf7 18. Nf3 a5 19. g4 b5 20. h4 Bb6 
21. Bc1 a4 22. Bd2 Red8 23. Rac1 Nc5 24. Qe1 Qe7 25. Be3 Qa7 26. g5 axb3 
27. axb3 Bh5 28. Bg1 hxg5 29. hxg5 Kf7 30. Kh2 Ke7 31. Qb4 Rd6 32. Kg3 Na6 
33. Qe1 Bxg1 34. Rxg1 Bxf3 35. Bxf3 Rh8 36. Rg2 fxg5 37. Rd2 Rdh6 38. Bg2 Nc5 
39. Qe3 Kf7 40. Rcd1 g4 41. Qg5 b4 42. Qxg4 Qe7 43. Ra1 g6 44. Rf1 Qh4+ 
45. Qxh4 Rxh4 46. fxg6+ Kxg6 47. Rd6+ Kg7 48. Rxc6 Nxe4+ 49. Bxe4 Rxe4 
50. Rd1 Rf4 51. Rd5 Rf5 52. Kg4 Rf6 53. Rcc5 Rh1 54. Rxe5 Rg1+ 55. Kh4 Rh6+ 
56. Rh5 Rh1+ 57. Kg4 R1xh5 58. Rxh5 Rxh5 59. Kxh5 Kf6 60. Kg4 Ke5 61. Kf3 Kd4 
1/2-1/2

[Event "Monday Night Engine Tour 13 Rd Swiss 3m+1s Starts at 2200hrs ST"]
[Site "Infinity Chess"]
[Date "2018.4.9"]
[Round "6"]
[White "ocirema"]
[Black "RonWeasley"]
[Result "1/2-1/2 "]
[ECO "C11"]
[WhiteElo "2513"]
[BlackElo "2535"]
[WhiteEngine "asmFishW_2018-04-08_popcnt_CTG"]
[BlackEngine "BrainFish 090218_CTG"]
[EventType "Swiss"]
[WhiteTeam ""]
[BlackTeam ""]
[PlyCount "174"]
[TimeControl "180+1"]

1. e4 e6 2. d4 d5 3. Nc3 Nf6 4. e5 Nfd7 5. f4 c5 6. Nf3 Nc6 7. Be3 cxd4 
8. Nxd4 Qb6 9. Qd2 Qxb2 10. Rb1 Qa3 11. Bb5 Nxd4 12. Bxd4 a6 13. Bxd7+ Bxd7 
14. Rb3 Qe7 15. Rxb7 Rc8 16. O-O Qd8 17. Qe3 Rc4 18. Rfb1 Be7 19. f5 Bg5 
20. Qd3 O-O 21. Ne4 Bc8 22. Bb6 Be3+ 23. Qxe3 Qh4 24. Nf6+ gxf6 25. Rc7 exf5 
26. Rxc4 dxc4 27. exf6 Kh8 28. Bc7 Rg8 29. Bg3 Qg4 30. Qf4 c3 31. a3 Bd7 
32. Qxg4 fxg4 33. Rb7 Rd8 34. Be5 h5 35. Bxc3 Be6 36. Rb6 Kh7 37. Bb4 Bf5 
38. Rxa6 Bxc2 39. Rd6 Ra8 40. Kf2 Kg6 41. g3 Re8 42. Rd2 Rc8 43. Ke3 Kxf6 
44. Rd5 Kg6 45. Rd6+ Kg7 46. Kd4 Bb3 47. Rb6 Ra8 48. Rd6 Rc8 49. Rb6 Ra8 
50. Rb5 Kg6 51. Kc3 Be6 52. Kb2 Ra6 53. Re5 f6 54. Re4 Bf7 55. Kc2 Be6 
56. Rd4 Ra8 57. Kb2 Bf5 58. Kb3 Be6+ 59. Kc2 Bf5+ 60. Kb3 Be6+ 61. Kb2 Bf5 
62. Rd6 Kf7 63. Bc5 Be6 64. Rd4 Ra5 65. Bd6 Rb5+ 66. Kc2 Bf5+ 67. Kc3 Rb1 
68. Bb4 Rh1 69. Rd2 Rc1+ 70. Kd4 Ra1 71. Kc5 Be4 72. Rf2 Bf3 73. Kb5 Rc1 
74. Bd2 Rb1+ 75. Kc4 Ra1 76. Kb4 Rb1+ 77. Kc3 Bc6 78. Kc4 Bd7 79. Bc3 Rb6 
80. Rd2 Be6+ 81. Kc5 Ra6 82. Bb4 Ra8 83. Rd6 Bb3 84. Rb6 Rc8+ 85. Rc6 Ra8 
86. Rd6 Rc8+ 87. Rc6 Ra8 1/2-1/2

[Event "Monday Night Engine Tour 13 Rd Swiss 3m+1s Starts at 2200hrs ST"]
[Site "Infinity Chess"]
[Date "2018.4.9"]
[Round "5"]
[White "star99"]
[Black "Dovahkiin"]
[Result "1/2-1/2"]
[ECO "C77"]
[WhiteElo "2445"]
[BlackElo "2438"]
[WhiteEngine "Cryptic Heroes 9.3B"]
[BlackEngine "Raubfisch ME262_GTZ16f_CTG"]
[EventType "Swiss"]
[WhiteTeam ""]
[BlackTeam ""]
[PlyCount "136"]
[TimeControl "180+1"]

1. e4 e5 2. Nf3 Nc6 3. Bb5 a6 4. Ba4 Nf6 5. d3 Bc5 6. O-O d6 7. Nbd2 b5 
8. Bb3 O-O 9. c3 Bb6 10. a4 Bd7 11. Bc2 h6 12. b4 Ne7 13. a5 Ba7 14. Re1 c5 
15. bxc5 Bxc5 16. d4 exd4 17. cxd4 Bb4 18. Ba3 Bxa3 19. Rxa3 Rc8 20. Ra1 Bg4 
21. h3 Bh5 22. Ra3 Re8 23. Bd3 Nd7 24. Qb3 d5 25. Raa1 Bg6 26. e5 Bxd3 
27. Qxd3 Nf8 28. Nf1 Qd7 29. Ne3 Rc7 30. Kh2 Ne6 31. Ng1 Nf4 32. Qd2 Rec8 
33. Ra2 h5 34. Ne2 Nxe2 35. Qxe2 g6 36. Qf3 Rc6 37. Qf4 Nf5 38. g4 Nxe3 
39. Rxe3 h4 40. Qh6 Re6 41. f4 Qe7 42. Rg2 Rc4 43. f5 Rec6 44. Re1 Rxd4 
45. e6 Rd3 46. exf7+ Qxf7 47. Qxh4 Qf6 48. Qxf6 Rxf6 49. Rc2 d4 50. Rc8+ Rf8 
51. Rxf8+ Kxf8 52. fxg6 Re3 53. Rd1 d3 54. Kg2 b4 55. Rb1 d2 56. Rd1 Rd3 
57. Kf2 Rxh3 58. Rxd2 Kg7 59. Rd6 b3 60. Rb6 b2 61. Kg2 Ra3 62. Rxb2 Rxa5 
63. Rb6 Rg5 64. Kg3 Kh6 65. g7+ Kxg7 66. Rb1 Kf7 67. Kh4 Rb5 68. Rf1+ Kg6 
1/2-1/2

[Event "Monday Night Engine Tour 13 Rd Swiss 3m+1s Starts at 2200hrs ST"]
[Site "Infinity Chess"]
[Date "2018.4.9"]
[Round "5"]
[White "Thinker"]
[Black "TasicV"]
[Result "1/2-1/2"]
[ECO "C55"]
[WhiteElo "2508"]
[BlackElo "2324"]
[WhiteEngine "BrainFish_180404_x64_modern_CTG"]
[BlackEngine "SugaR.XPrO.1.4.64.POCNT_CTG"]
[EventType "Swiss"]
[WhiteTeam ""]
[BlackTeam ""]
[PlyCount "92"]
[TimeControl "180+1"]

1. e4 e5 2. Nf3 Nc6 3. Bc4 Nf6 4. d3 Bc5 5. c3 d6 6. O-O a5 7. Re1 Ba7 8. a4 O-O 
9. h3 h6 10. Nbd2 Be6 11. Bxe6 fxe6 12. Nc4 Bc5 13. Be3 Bxe3 14. Rxe3 Qd7 
15. Qb3 b6 16. Qb5 Rae8 17. Rc1 Re7 18. Rc2 g5 19. Rd2 g4 20. Nh2 d5 
21. Na3 gxh3 22. Rxh3 Rg7 23. Nf3 Kh7 24. Nc2 Rfg8 25. Rh2 Ng4 26. Rh4 Qd6 
27. Ne3 Nxe3 28. fxe3 Na7 29. Qa6 Qf8 30. Rh3 Nc8 31. Nxe5 Qf6 32. d4 Nd6 
33. exd5 Ne4 34. Rf3 Qh4 35. Re2 exd5 36. Qd3 Qh5 37. c4 Kh8 38. cxd5 Ng3 
39. Rxg3 Rxg3 40. Rf2 R8g7 41. b3 Kg8 42. Qf1 Qh3 43. Rf8+ Kh7 44. Rf2 Kg8 
45. Rf8+ Kh7 46. Rf2 Kg8 1/2-1/2

[Event "Monday Night Engine Tour 13 Rd Swiss 3m+1s Starts at 2200hrs ST"]
[Site "Infinity Chess"]
[Date "2018.4.9"]
[Round "5"]
[White "Deep_Impact"]
[Black "Vimtiroba"]
[Result "1/2-1/2"]
[ECO "C77"]
[WhiteElo "2518"]
[BlackElo "2527"]
[WhiteEngine "asmFishW_2018-04-07_bmi2"]
[BlackEngine "SF9 ''A6''_CTG"]
[EventType "Swiss"]
[WhiteTeam ""]
[BlackTeam ""]
[PlyCount "232"]
[TimeControl "180+1"]

1. e4 e5 2. Nf3 Nc6 3. Bb5 a6 4. Ba4 Nf6 5. O-O Be7 6. Re1 b5 7. Bb3 O-O 
8. c3 d5 9. exd5 Nxd5 10. Nxe5 Nxe5 11. Rxe5 c6 12. Re1 Bd6 13. d3 Bf5 
14. Qf3 Qf6 15. Nd2 Qg6 16. Bd1 Bxd3 17. Ne4 Bxe4 18. Qxe4 Qxe4 19. Rxe4 Rae8 
20. Rxe8 Rxe8 21. Kf1 Be5 22. Be2 Nb6 23. Bf3 Rc8 24. g3 a5 25. Ke2 a4 
26. Kd3 Bd6 27. b3 Bc5 28. Ke2 f6 29. Bd2 g6 30. Kf1 Kf7 31. Rd1 h5 32. h4 Ke6 
33. Re1+ Kf7 34. Ra1 a3 35. Rd1 Nd5 36. Be1 Ke6 37. Rc1 Nb6 38. Be4 f5 
39. Bg2 Bf8 40. Bd2 Bd6 41. Re1+ Kd7 42. Rd1 Kc7 43. Re1 Kd7 44. Kg1 Rd8 
45. Bh1 Rg8 46. Bf3 Rb8 47. Re3 c5 48. Re1 c4 49. bxc4 Nxc4 50. Bg5 Rc8 
51. Bd5 Rc5 52. Be6+ Kc7 53. Kg2 Ne5 54. Rb1 Nd3 55. Bf7 Rxc3 56. Rxb5 Bc5 
57. Bb3 f4 58. Bxf4+ Nxf4+ 59. gxf4 Bb6 60. f3 Bc5 61. Kg3 Rc1 62. f5 gxf5 
63. Kf4 Kc6 64. Ra5 Rh1 65. Kg5 Be7+ 66. Kg6 f4 67. Re5 Kd6 68. Rd5+ Kc7 
69. Kf7 Bxh4 70. Rxh5 Rh2 71. Rh6 Kb7 72. Bd5+ Ka7 73. Rh8 Kb6 74. Ke6 Bg3 
75. Rb8+ Kc5 76. Rc8+ Kb6 77. Ra8 Re2+ 78. Kf5 Re3 79. Kg4 Re5 80. Be4 Ra5 
81. Rc8 Kb5 82. Rc6 Ra7 83. Rc2 Kb6 84. Rc3 Ra5 85. Rc8 Ra7 86. Rc6+ Kb5 
87. Kf5 Ra5 88. Bd5 Kb4 89. Rc4+ Kb5 90. Kg4 Kb6 91. Bf7 Rc5 92. Ra4 Rc7 
93. Be6 Re7 94. Kf5 Ra7 95. Rc4 Ra5+ 96. Ke4 Rc5 97. Rb4+ Kc6 98. Bb3 Rc3 
99. Kd4 Re3 100. Bd5+ Kd6 101. Rb6+ Ke7 102. Rh6 Be1 103. Ra6 Bb4 104. Ra7+ Kd6 
105. Ra6+ Ke7 106. Kc4 Bd6 107. Be4 Re2 108. Kd5 Rd2+ 109. Kc6 Bb4 110. Kb5 Bd6 
111. Kc6 Bb4 112. Ra7+ Kf6 113. Kb5 Bd6 114. Kc6 Bb4 115. Kb5 Bd6 116. Kc6 Bb4 
1/2-1/2

[Event "Monday Night Engine Tour 13 Rd Swiss 3m+1s Starts at 2200hrs ST"]
[Site "Infinity Chess"]
[Date "2018.4.9"]
[Round "5"]
[White "RonWeasley"]
[Black "SkyPilot"]
[Result "1-0"]
[ECO "E73"]
[WhiteElo "2519"]
[BlackElo "2524"]
[WhiteEngine "BrainFish 090218_CTG"]
[BlackEngine "stockfish_x64_bmi2_2018_04_07_CTG"]
[EventType "Swiss"]
[WhiteTeam ""]
[BlackTeam ""]
[PlyCount "64"]
[TimeControl "180+1"]

1. d4 Nf6 2. c4 g6 3. Nc3 Bg7 4. e4 d6 5. Be2 O-O 6. Nf3 e5 7. O-O Nc6 8. d5 Ne7 
9. Ne1 Nd7 10. f3 f5 11. Be3 f4 12. Bf2 g5 13. b4 Nf6 14. c5 Ng6 15. a4 a6 
16. c6 h5 17. b5 axb5 18. cxb7 Bxb7 19. Bxb5 g4 20. a5 Ba6 21. Bxa6 Rxa6 
22. Qe2 Qa8 23. Nb5 Rf7 24. Nc2 Bf8 25. Rfb1 c5 26. dxc6 d5 27. c7 gxf3 
28. gxf3 dxe4 29. Rd1 exf3 30. Qf1 Ne7 31. Nb4 Ng4 32. Rd8 Qe4 1-0